 Dungeon Crawl Stone Soup version 0.21-a0-404-g291f19a (webtiles) character file.

375 Stibbins the Poker (level 6, -4/51 HPs)
             Began as a Minotaur Fighter on Oct 27, 2017.
             Slain by TheDeThijs's ghost (13 damage)
             ... on level 3 of the Dungeon.
             The game lasted 00:13:27 (2562 turns).

Stibbins the Poker (Minotaur Fighter)               Turns: 2562, Time: 00:13:28

Health: -4/51      AC:  6    Str: 23    XL:     6   Next: 44%
Magic:  5/5        EV:  8    Int:  5    God:
Gold:   104        SH: 10    Dex:  9    Spells: 5/5 levels left

rFire    . . .     SeeInvis .   a - +0 trident
rCold    . . .     Gourm    .   c - +0 shield
rNeg     . . .     Faith    .   b - +0 scale mail
rPois    .         Spirit   .   (helmet restricted)
rElec    .         Reflect  .   (no cloak)
rCorr    .         Harm     .   (no gloves)
MR       .....                  (no boots)
Stlth    ..........             (no amulet)
HPRegen  0.17/turn              (no ring)
MPRegen  0.09/turn              (no ring)

@: no status effects
A: retaliatory headbutt, horns 2
a: no special abilities


You were on level 3 of the Dungeon.
You were not hungry.

You visited 1 branch of the dungeon, and saw 3 of its levels.

You collected 104 gold pieces.

Inventory:

Hand Weapons
 a - a +0 trident (weapon)
Missiles
 u - 2 tomahawks (quivered)
Armour
 b - a +0 scale mail (worn)
 c - a +0 shield (worn)
Jewellery
 h - an uncursed ring of wizardry {unknown}
 n - a cursed -2 ring of evasion {unknown}
Scrolls
 e - a scroll of immolation {unknown}
 g - a scroll of fog {unknown}
 j - a scroll of blinking {unknown}
 m - a scroll of fear {unknown}
 o - a scroll of enchant armour {unknown}
 p - a scroll of noise {unknown}
 r - a scroll of teleportation {unknown}
 t - a scroll of remove curse {unknown}
Potions
 k - a potion of agility
 l - a potion of curing {unknown}
 v - a potion of magic
Comestibles
 d - 2 chunks of flesh
 f - 3 bread rations
 q - 2 meat rations


   Skills:
 - Level 3.6 Fighting
 * Level 6.8 Polearms
 - Level 3.6 Armour
 + Level 6.0 Shields


You had 5 spell levels left.
You didn't know any spells.

Dungeon Overview and Level Annotations

Branches:
Dungeon (3/15)

Altars:
Xom
Zin

Annotations:
D:3 TheDeThijs's ghost, amateur MiBe


Innate Abilities, Weirdness & Mutations

You reflexively headbutt those who attack you in melee.
You have a pair of horns on your head.


Message History

The hobgoblin is heavily wounded.
TheDeThijs's ghost hits you!
* * * LOW HITPOINT WARNING * * *
The hobgoblin barely misses you. You furiously retaliate!
You headbutt the hobgoblin!
You kill the hobgoblin!
Press: ? - help, v - describe, . - travel, g - get item
Here: TheDeThijs's ghost (lightly damaged)
A dagger.
There is something else lying underneath.
The floor, spattered with blood.
Okay, then.
As you read the scroll labeled YXTAOWK SAUS, it crumbles to dust.
It is a scroll of identify.
k - a potion of agility TheDeThijs's ghost hits you but does no damage.
As you read the scroll of identify, it crumbles to dust.
v - a potion of magic TheDeThijs's ghost hits you!
You die...

.## #.# #.# ..###### #.#
#... #......# #.# #..#
..####[###.####..##
....))............
###############..# #..#
#..# ###
###############.@####.....
((((()..........)W.)......
....))....................
≈≈≈≈≈≈≈.....≈≈.≈≈≈≈≈≈≈≈≈≈≈
≈≈≈≈≈≈......≈≈≈≈≈≈≈≈≈≈≈≈≈≈
≈≈≈≈≈≈.....≈≈≈≈≈≈≈≈≈≈≈≈≈≈≈
≈≈≈≈≈≈.....≈≈≈≈≈≈≈≈≈≈≈≈≈≈≈
########''################
....#


You could see TheDeThijs's ghost.

Vanquished Creatures
  Grinder (D:3)
  An orc wizard (D:3)
  5 adders
  2 worms
  5 orcs (D:3)
  5 bats
  11 goblins
  14 hobgoblins
  14 jackals
  7 kobolds
  A quokka (D:2)
  A ball python (D:2)
  A ball python skeleton (D:3)
  3 frilled lizards (D:1)
  10 rats
81 creatures vanquished.

Notes
Turn   | Place    | Note
-------+----------+-------------------------------------------
     0 | D:1      | Stibbins the Minotaur Fighter began the quest for the Orb.
     0 | D:1      | Reached XP level 1. HP: 19/19 MP: 0/0
   103 | D:1      | Reached XP level 2. HP: 8/26 MP: 1/1
   791 | D:1      | Reached XP level 3. HP: 21/31 MP: 2/2
  1345 | D:2      | Reached skill level 5 in Shields
  1359 | D:2      | Reached XP level 4. HP: 20/39 MP: 3/3
  1706 | D:2      | Found a shimmering altar of Xom.
  1708 | D:2      | Noticed an angel
  1712 | D:2      | Found a glowing silver altar of Zin.
  2124 | D:3      | Noticed Grinder
  2133 | D:3      | HP: 1/39 [Grinder/nerve-wracking pain (11)]
  2134 | D:3      | Killed Grinder
  2134 | D:3      | Reached XP level 5. HP: 1/45 MP: 4/4
  2134 | D:3      | Reached XP level 6. HP: 1/51 MP: 5/5
  2543 | D:3      | Noticed TheDeThijs's ghost (amateur MiBe)
  2562 | D:3      | Slain by TheDeThijs's ghost

Vault maps used:
D:1:      eino_arrival_water_cross, st_stairs_12
D:2:      grunt_temple_overflow_order_and_chaos_1, minmay_stone_trees_small
D:3:      minmay_goblin_kobold_castle, uniq_grinder

Skill      XL: |  1  2  3  4  5  6 |
---------------+-------------------+-----
Shields        | 4 5 6 |  6.0
Polearms       | 3 4 6 |  6.8
Fighting       | |  3.6
Armour         | |  3.6

Action                   |  1- 3 |  4- 6 || total
-------------------------+-------+-------++-------
Melee: Trident           |   120 |    87 ||   207
       Headbutt          |    19 |    15 ||    34
Throw: Tomahawk          |       |     5 ||     5
  Use: Potion            |       |     1 ||     1
       Scroll            |       |     2 ||     2
  Eat: Chunk             |     2 |     2 ||     4
       Royal jelly       |       |     1 ||     1
Armor: Scale mail        |    71 |    25 ||    96
Dodge: Dodged            |    44 |    32 ||    76
Block: Shield            |    68 |    50 ||   118

Table legend:
 A = Spawn XP
 B = Non-spawn XP
 C = Spawn XP percentage of total XP
 D = Spawn monster count
 E = Non-spawn monster count
 F = Spawn count percentage of total count
 G = Total turns spent on level
                    A         B        C        D         E        F      G
               +---------+---------+-------+---------+---------+-------+---------
         Total |       0 |     537 |   0.0 |       0 |      81 |   0.0 |  2562
               +---------+---------+-------+---------+---------+-------+---------
           D:1 |       0 |      49 |   0.0 |       0 |      29 |   0.0 |  1127
           D:2 |       0 |      91 |   0.0 |       0 |      26 |   0.0 |   803
           D:3 |       0 |     397 |   0.0 |       0 |      26 |   0.0 |   632
               +---------+---------+-------+---------+---------+-------+---------
